% Time on Ice - TEXAS TOROS
Lines # - Real PCT - Wanted PCT - Time Play
Normal Forward
1 - 32% - 36% - 16:07
2 - 27% - 31% - 13:20
3 - 23% - 23% - 11:39
4 - 17% - 10% - 8:43
Normal Defense
1 - 34% - 36% - 17:04
2 - 34% - 31% - 16:51
3 - 26% - 23% - 12:45
4 - 6% - 10% - 3:09
PP Forward
1 - 65% - 55% - 2:35
2 - 35% - 45% - 1:23
PP Defense
1 - 45% - 55% - 1:47
2 - 55% - 45% - 2:11
PK Forward
1 - 59% - 55% - 3:41
2 - 41% - 45% - 2:32
PK Defense
1 - 58% - 55% - 3:36
2 - 42% - 45% - 2:37
PK3 Forward
1 - 0% - 55%
2 - 0% - 45%
PK3 Defense
1 - 0% - 55%
2 - 0% - 45%
44 Forward
1 - 0% - 55%
2 - 0% - 45%
44 Defense
1 - 0% - 55%
2 - 0% - 45%
Last Minute Offensive  - 0:00
Last Minute Defensive  - 0:00
Total
Forward - 60:00
Defense - 60:00
% Time on Ice - SALEM BLACK JAYS
Lines # - Real PCT - Wanted PCT - Time Play
Normal Forward
1 - 35% - 36% - 17:35
2 - 30% - 31% - 15:09
3 - 22% - 23% - 10:55
4 - 12% - 10% - 6:10
Normal Defense
1 - 34% - 36% - 16:59
2 - 33% - 31% - 16:37
3 - 30% - 23% - 15:02
4 - 2% - 10% - 1:11
PP Forward
1 - 43% - 55% - 2:41
2 - 57% - 45% - 3:32
PP Defense
1 - 55% - 55% - 3:26
2 - 45% - 45% - 2:47
PK Forward
1 - 55% - 55% - 2:12
2 - 45% - 45% - 1:46
PK Defense
1 - 43% - 55% - 1:42
2 - 57% - 45% - 2:16
PK3 Forward
1 - 0% - 55%
2 - 0% - 45%
PK3 Defense
1 - 0% - 55%
2 - 0% - 45%
44 Forward
1 - 0% - 55%
2 - 0% - 45%
44 Defense
1 - 0% - 55%
2 - 0% - 45%
Last Minute Offensive  - 0:00
Last Minute Defensive  - 0:00
Total
Forward - 60:00
Defense - 60:00
Play-by-Play 1st period 0:01 of 1st period - Mathew Barzal wins face-off versus Nazem Kadri in neutral zone. 0:31 of 1st period - Shot by Conor Sheary. 0:31 of 1st period - Shot Blocked by Scott Mayfield. 1:07 of 1st period - Shot by Jake Virtanen. 1:07 of 1st period - Stopped by Elvis Merzlikins with a rebound. 1:11 of 1st period - Shot by Jake Virtanen. 1:11 of 1st period - Shot Misses the Net. 1:13 of 1st period - Shot by Jake Virtanen. 1:13 of 1st period - Stopped by Elvis Merzlikins without a rebound. 1:14 of 1st period - Barrett Hayton wins face-off versus Martin Necas in SALEM BLACK JAYS zone. 1:15 of 1st period - Shot by Nick Cousins. 1:15 of 1st period - Stopped by Elvis Merzlikins without a rebound. 1:16 of 1st period - Casey Cizikas wins face-off versus Barrett Hayton in SALEM BLACK JAYS zone. 1:16 of 1st period - Casey Cizikas is hit by Morgan Klimchuk. 1:17 of 1st period - Minor Penalty to Nick Cousins for Cross-checking. 1:18 of 1st period - Brock McGinn wins face-off versus Dylan Larkin in TEXAS TOROS zone. 1:33 of 1st period - Shot by Mitchell Marner. 1:33 of 1st period - Goal by Mitchell Marner - TEXAS TOROS : 0 - SALEM BLACK JAYS : 1. 1:34 of 1st period - Filip Chytil wins face-off versus Barrett Hayton in neutral zone. 1:43 of 1st period - Shot by Filip Chytil. 1:43 of 1st period - Shot Misses the Net. 1:59 of 1st period - Shot by Nick Cousins. 1:59 of 1st period - Stopped by Elvis Merzlikins without a rebound. 2:00 of 1st period - Casey Cizikas wins face-off versus Valtteri Filppula in SALEM BLACK JAYS zone. 3:03 of 1st period - Shot by Matthew Calvert. 3:03 of 1st period - Stopped by Mikko Koskinen without a rebound. 3:04 of 1st period - Mathew Barzal wins face-off versus Ryan Poehling in TEXAS TOROS zone. 3:05 of 1st period - Shot by Mitchell Marner. 3:05 of 1st period - Shot Blocked by Madison Bowey. 4:18 of 1st period - Dylan Larkin is hit by Dmitry Kulikov and loses puck. 4:25 of 1st period - Shot by Mikko Rantanen. 4:25 of 1st period - Stopped by Mikko Koskinen with a rebound. 4:27 of 1st period - Shot by Michal Kempny. 4:27 of 1st period - Shot Blocked by Mats Zuccarello. 4:29 of 1st period - Shot by Michal Kempny. 4:29 of 1st period - Stopped by Mikko Koskinen without a rebound. 4:30 of 1st period - Casey Cizikas wins face-off versus Barrett Hayton in TEXAS TOROS zone. 4:31 of 1st period - Shot by Martin Necas. 4:31 of 1st period - Stopped by Mikko Koskinen without a rebound. 4:32 of 1st period - Casey Cizikas wins face-off versus Barrett Hayton in TEXAS TOROS zone. 4:38 of 1st period - Icing by Tyson Barrie. 4:39 of 1st period - Casey Cizikas wins face-off versus Nick Cousins in TEXAS TOROS zone. 4:48 of 1st period - Shot by Martin Necas. 4:48 of 1st period - Stopped by Mikko Koskinen without a rebound. 4:49 of 1st period - Dylan Larkin wins face-off versus Valtteri Filppula in TEXAS TOROS zone. 5:14 of 1st period - Shot by Mikko Rantanen. 5:14 of 1st period - Stopped by Mikko Koskinen with a rebound. 5:29 of 1st period - Shot by Madison Bowey. 5:29 of 1st period - Stopped by Elvis Merzlikins with a rebound. 5:31 of 1st period - Shot by Madison Bowey. 5:31 of 1st period - Stopped by Elvis Merzlikins without a rebound. 5:32 of 1st period - Mathew Barzal wins face-off versus Barrett Hayton in SALEM BLACK JAYS zone. 5:32 of 1st period - Mathew Barzal is hit by Nick Cousins. 6:06 of 1st period - Shot by Mathew Barzal. 6:06 of 1st period - Shot Misses the Net. 6:49 of 1st period - Shot by Andreas Athanasiou. 6:49 of 1st period - Stopped by Mikko Koskinen without a rebound. 6:50 of 1st period - Nazem Kadri wins face-off versus Dylan Larkin in TEXAS TOROS zone. 6:55 of 1st period - Dylan Larkin is hit by Conor Sheary and loses puck. 7:19 of 1st period - Shot by Mikko Rantanen. 7:19 of 1st period - Shot Misses the Net. 7:21 of 1st period - Shot by Scott Mayfield. 7:21 of 1st period - Stopped by Mikko Koskinen without a rebound. 7:22 of 1st period - Valtteri Filppula wins face-off versus Filip Chytil in TEXAS TOROS zone. 7:22 of 1st period - Aaron Ekblad is hit by Matthew Highmore and loses puck. 7:30 of 1st period - Shot by Jake Virtanen. 7:30 of 1st period - Shot Blocked by Matthew Highmore. 8:17 of 1st period - Sven Baertschi is hit by Scott Harrington and loses puck. 8:25 of 1st period - Minor Penalty to Scott Harrington for Hooking. 8:26 of 1st period - Nazem Kadri wins face-off versus Casey Cizikas in SALEM BLACK JAYS zone. 8:31 of 1st period - Shot by Nazem Kadri. 8:31 of 1st period - Shot Blocked by Michal Kempny. 8:33 of 1st period - Shot by Jake Virtanen. 8:33 of 1st period - Shot Blocked by Scott Mayfield. 8:53 of 1st period - Shot by Mats Zuccarello. 8:53 of 1st period - Shot Misses the Net. 8:55 of 1st period - Shot by Mats Zuccarello. 8:55 of 1st period - Shot Misses the Net. 8:57 of 1st period - Shot by Mats Zuccarello. 8:57 of 1st period - Shot Misses the Net. 10:35 of 1st period - Shot by Mathew Barzal. 10:35 of 1st period - Stopped by Mikko Koskinen without a rebound. 10:36 of 1st period - Barrett Hayton wins face-off versus Mitchell Marner in TEXAS TOROS zone. 10:41 of 1st period - Michal Kempny is hit by Nick Cousins and loses puck. 11:02 of 1st period - Shot by Mathew Barzal. 11:02 of 1st period - Shot Misses the Net. 11:14 of 1st period - Shot by Mathew Barzal. 11:14 of 1st period - Stopped by Mikko Koskinen without a rebound. 11:15 of 1st period - Dylan Larkin wins face-off versus Conor Sheary in TEXAS TOROS zone. 11:49 of 1st period - Shot by Nazem Kadri. 11:49 of 1st period - Shot Blocked by Dylan Larkin. 12:46 of 1st period - Icing by Travis Dermott. 12:47 of 1st period - Dylan Larkin wins face-off versus Ryan Poehling in SALEM BLACK JAYS zone. 12:47 of 1st period - Dylan Larkin is hit by Dale Weise. 13:01 of 1st period - Icing by Travis Dermott. 13:02 of 1st period - Nazem Kadri wins face-off versus Dylan Larkin in SALEM BLACK JAYS zone. 13:13 of 1st period - Shot by Mats Zuccarello. 13:13 of 1st period - Shot Blocked by Dylan Larkin. 13:15 of 1st period - Shot by Mats Zuccarello. 13:15 of 1st period - Shot Misses the Net. 13:21 of 1st period - Shot by Conor Sheary. 13:21 of 1st period - Shot Misses the Net. 13:23 of 1st period - Shot by Madison Bowey. 13:23 of 1st period - Deflect By Mats Zuccarello. 13:23 of 1st period - Shot Blocked by Dylan Larkin. 14:26 of 1st period - Icing by Mitchell Marner. 14:27 of 1st period - Mathew Barzal wins face-off versus Valtteri Filppula in SALEM BLACK JAYS zone. 14:35 of 1st period - Shot by Mathew Barzal. 14:35 of 1st period - Stopped by Mikko Koskinen without a rebound. 14:35 of 1st period - Minor Penalty to Vince Dunn for Interference. 14:36 of 1st period - Brock McGinn wins face-off versus Casey Cizikas in TEXAS TOROS zone. 14:48 of 1st period - Icing by Mitchell Marner. 14:49 of 1st period - Casey Cizikas wins face-off versus Brock McGinn in SALEM BLACK JAYS zone. 14:54 of 1st period - Dmitry Kulikov is hit by Casey Cizikas. 16:32 of 1st period - Off-side. 16:33 of 1st period - Mathew Barzal wins face-off versus Brock McGinn in neutral zone. 16:39 of 1st period - Mikko Rantanen is hit by Vince Dunn and loses puck. 17:27 of 1st period - Matthew Highmore is hit by Dale Weise and loses puck. 18:07 of 1st period - Shot by Mats Zuccarello. 18:07 of 1st period - Stopped by Elvis Merzlikins without a rebound. 18:08 of 1st period - Valtteri Filppula wins face-off versus Mathew Barzal in SALEM BLACK JAYS zone. 18:19 of 1st period - Shot by Mitchell Marner. 18:19 of 1st period - Deflect By Josh Leivo. 18:19 of 1st period - Stopped by Mikko Koskinen without a rebound. 18:20 of 1st period - Dylan Larkin wins face-off versus Barrett Hayton in TEXAS TOROS zone. 18:31 of 1st period - Shot by Mikko Rantanen. 18:31 of 1st period - Shot Misses the Net. 18:35 of 1st period - Shot by Dylan Larkin. 18:35 of 1st period - Stopped by Mikko Koskinen without a rebound. 18:36 of 1st period - Mathew Barzal wins face-off versus Nazem Kadri in TEXAS TOROS zone. 18:37 of 1st period - Shot by Mitchell Marner. 18:37 of 1st period - Stopped by Mikko Koskinen without a rebound. 18:38 of 1st period - Nazem Kadri wins face-off versus Mathew Barzal in TEXAS TOROS zone. 18:38 of 1st period - Nazem Kadri is hit by Mitchell Marner. 18:54 of 1st period - Conor Sheary is hit by Jason Demers and loses puck. 19:40 of 1st period - Shot by Jake Virtanen. 19:40 of 1st period - Shot Misses the Net. Goals for this period are 0 for TEXAS TOROS vs 1 for SALEM BLACK JAYS. Shots for this period are 7 for TEXAS TOROS vs 15 for SALEM BLACK JAYS. 2nd period 0:01 of 2nd period - Nazem Kadri wins face-off versus Casey Cizikas in neutral zone. 0:20 of 2nd period - Shot by Martin Necas. 0:20 of 2nd period - Stopped by Mikko Koskinen without a rebound. 0:21 of 2nd period - Mathew Barzal wins face-off versus Valtteri Filppula in TEXAS TOROS zone. 0:42 of 2nd period - Shot by Mitchell Marner. 0:42 of 2nd period - Shot Misses the Net. 0:44 of 2nd period - Shot by Mathew Barzal. 0:44 of 2nd period - Stopped by Mikko Koskinen with a rebound. 0:46 of 2nd period - Shot by Jason Demers. 0:46 of 2nd period - Stopped by Mikko Koskinen with a rebound. 1:26 of 2nd period - Casey Cizikas is hit by Vince Dunn and loses puck. 1:33 of 2nd period - Shot by Andreas Athanasiou. 1:33 of 2nd peri